 Dungeon Crawl Stone Soup version 0.27-a0-828-g8289197e94 (webtiles) character file.

Game seed: 5156031508246477034

202 robertstho the Magician (level 5, 0/38 HPs)
             Began as a Djinni Fire Elementalist on Mar 30, 2021.
             Slain by a black bear (1 damage)
             ... on level 4 of the Dungeon.
             The game lasted 00:04:16 (3406 turns).

robertstho the Magician (Djinni Fire Elementalist)  Turns: 3406, Time: 00:04:16

Health: 0/38       AC:  5    Str:  7    XL:     5   Next: 80%
Gold:   250        EV: 12    Int: 18    God:
                   SH:  0    Dex: 13

rFire    + + .     SeeInvis .   c - +1 dagger
rCold    x . .     Faith    .   (no shield)
rNeg     . . .     Spirit   .   a - +0 robe
rPois    ∞         Reflect  .   (no helmet)
rElec    .         Harm     .   (no cloak)
rCorr    .         Rampage  .   g - +2 pair of gloves
Will     .....                  (boots unavailable)
Stlth    ++........             (no amulet)
HPRegen  0.12/turn              (no ring)
MPRegen  0.00/turn              (no ring)

@: weak-willed, flying, very slightly contaminated
A: fire resistance 2, cold vulnerability 1, float, innate caster, hp casting,
extra vitality 1
a: no special abilities


You were on level 4 of the Dungeon.
You visited 1 branch of the dungeon, and saw 4 of its levels.

You collected 250 gold pieces.

Inventory:

Hand Weapons
 c - a +1 dagger (weapon)
Armour
 a - a +0 robe (worn)
 g - a +2 pair of gloves (worn)
Wands
 l - a wand of flame (15)
Scrolls
 e - a scroll of identify
 n - a scroll of magic mapping {unknown}
 o - a scroll of teleportation {unknown}
Potions
 d - 2 potions of brilliance
 j - 2 potions of might
 m - a potion of curing {unknown}


   Skills:
 * Level 1.7 Fighting
 + Level 0.9 Short Blades
 + Level 2.5 Dodging
 + Level 2.0 Stealth
 * Level 4.6 Spellcasting


You couldn't memorise any spells.
You knew the following spells:

 Your Spells              Type           Power      Damage    Failure   Level
a - Foxfire               Conj/Fire      80%        2x1d8     1%          1
b - Conjure Flame         Conj/Fire      20%        6-21      6%          3
c - Inner Flame           Hex/Fire       20%        N/A       6%          3
d - Sticky Flame          Conj/Fire      20%        2d4       21%         4
e - Fireball              Conj/Fire      10%        3d6       50%         5
f - Sting                 Tmut/Pois      80%        1d7       1%          1
g - Slow                  Hex            20%        N/A       3%          2
Your spell library was empty.

Dungeon Overview and Level Annotations

Branches:
Dungeon (4/15)
 Temple: D:4-7

Altars:
Cheibriados
Hepliaklqana
Kikubaaqudgha
Makhleb
Ru
Sif Muna
Uskayaw
Xom


Innate Abilities, Weirdness & Mutations

You are immune to poison.
Your flesh is very heat resistant. (rF++)
You are vulnerable to cold. (rC-)
You float through the air rather than walking.
You learn spells naturally, not from books.
Your magical power is your life essence.
You have superior vitality. (+4 HP)


Message History

The spell is quite dangerous to cast (21% risk of failure)!
Continue anyway?
Aiming: Sticky Flame (quite dangerous; 21% risk of failure)
Press: ? - help, Shift-Dir - straight line, f/p - black bear
Aim: a black bear (almost dead, berserk, 0% to evade)
You miscast Sticky Flame.
You are very lightly contaminated with residual magic.
Nothing appears to happen.
The black bear barely misses you. x2
The black bear claws you but does no damage.
The black bear bites you but does no damage.
The black bear barely misses you.
The black bear claws you but does no damage.
The black bear rages.
The black bear closely misses you. The black bear completely misses you.
The black bear claws you.
* * * LOW HITPOINT WARNING * * *
Okay, then.
As you read the scroll labelled ENOOBAR FINA, it crumbles to dust.
It is a scroll of enchant armour.
Your +1 pair of gloves glows green for a moment.
The black bear bites you.
* * * LOW HITPOINT WARNING * * *
The black bear misses you. The black bear claws you.
* * * LOW HITPOINT WARNING * * *
As you read the scroll labelled RENTUE HORUQIH, it crumbles to dust.
It is a scroll of enchant weapon.
Your +0 dagger glows red for a moment.
The black bear bites you.
* * * LOW HITPOINT WARNING * * *
The black bear claws you but does no damage.
The black bear closely misses you. The black bear bites you.
* * * LOW HITPOINT WARNING * * *
The black bear closely misses you. The black bear claws you.
* * * LOW HITPOINT WARNING * * *
As you read the scroll labelled FIONUSTOXE, it crumbles to dust.
The scroll dissolves into smoke.
It was a scroll of fog.
The black bear bites you but does no damage.
The black bear misses you. The black bear completely misses you.
As you read the scroll labelled DUIPAN LUARARU, it crumbles to dust.
Magic quickly surges around you.
It was a scroll of vulnerability.
The black bear bites you.
You die...

.........##....
.................
.......<##.......
.........#.......
#+######.#.......
#......#.......
#####+#+####.#.......
#..........§##§§.#
#..........§h@§§.+
............§§§§§.#
............§§§§§.....
....[.#.....#.....####
......#.#######...+
##....#+# ...+ ......
.... ..... .....


You could see a black bear (berserk, weak-willed).

Vanquished Creatures
  A vampire bat (D:2)
  2 orc wizards (D:3)
  4 adders
  A worm (D:4)
  3 orcs (D:3)
  5 ball pythons
  2 bat skeletons (D:2)
  4 bat zombies (D:2)
  10 endoplasms
  2 giant cockroaches (D:3)
  3 hobgoblins
  2 jackals (D:1)
  3 quokkas
  5 bats
  5 frilled lizards (D:1)
  7 goblins
  3 kobolds
  4 rats
66 creatures vanquished.

Vanquished Creatures (collateral kills)
  2 foxfires
2 creatures vanquished.

Vanquished Creatures (others)
  204 foxfires
204 creatures vanquished.

Grand Total: 272 creatures vanquished

Notes
Turn   | Place    | Note
-------+----------+-------------------------------------------
     0 | D:1      | robertstho the Djinni Fire Elementalist began the quest for
                  | the Orb.
     0 | D:1      | Reached XP level 1. HP: 15/15 MP: 0/0
   233 | D:1      | Reached skill level 3 in Spellcasting
   233 | D:1      | Reached XP level 2. HP: 17/22 MP: 0/0
   653 | D:1      | Reached skill level 1 in Fighting
  1588 | D:2      | Reached XP level 3. HP: 27/27 MP: 0/0
  1588 | D:2      | Learned a level 1 spell: Sting
  2124 | D:2      | Reached XP level 4. HP: 31/32 MP: 0/0
  2324 | D:2      | Reached skill level 4 in Spellcasting
  2540 | D:2      | You are sucked into a shaft and drop 1 floor!
  2601 | D:3      | Reached XP level 5. HP: 31/37 MP: 0/0
  2601 | D:3      | Learned a level 2 spell: Slow
  2913 | D:3      | Found a burning altar of Makhleb.
  2913 | D:3      | Noticed a cacodemon
  3027 | D:3      | Found a faded altar of an unknown god.
  3167 | D:3      | Found a hazy altar of Hepliaklqana.
  3249 | D:3      | Found a sacrificial altar of Ru.
  3249 | D:3      | Found a hazy altar of Hepliaklqana.
  3251 | D:3      | Found a snail-covered altar of Cheibriados.
  3251 | D:3      | Found a shimmering altar of Xom.
  3251 | D:3      | Found a hide-covered altar of Uskayaw.
  3385 | D:4      | Noticed a black bear
  3404 | D:4      | HP: 1/38 [black bear (3)]
  3406 | D:4      | Slain by a black bear

Illustrated notes

Levels and vault maps discovered:
D:1:      amcnicky_arrival_double_pillar, layout_loops_cross,
          hangedman_decor_points, minmay_fountain_box, st_stairs_6,
          serial_bayou_ford_a, wander_ebering_terrifying_dragon_lair
D:2:      layout_basic, kennysheep_vampire_church
D:3:      layout_rooms, lemuel_coloured_pillars_altar,
          makhleb_altar_promises_db, nicolae_overflow_crystal_walls,
          chequers_ecumenical_altar_lobes, doesnt_xom_only_xom
D:4:      layout_basic, fedhas_altar_2, lemuel_round_altar,
          minmay_temple_entry_from_below_a

Skill      XL: |  1  2  3  4  5 |
---------------+----------------+-----
Spellcasting   | 3 4 |  4.6
Fighting       | 1 |  1.7
Stealth        | 2 |  2.0
Short Blades   | |  0.9
Dodging        | |  2.5

Action                   |  1- 3 |  4- 6 || total
-------------------------+-------+-------++-------
Melee: Dagger            |     9 |     1 ||    10
 Cast: Foxfire           |    60 |    64 ||   124
       Sticky Flame      |       |     3 ||     3
  Use: Potion            |     1 |       ||     1
       Scroll            |       |     6 ||     6
Armor: Robe              |     2 |    28 ||    30
Dodge: Dodged            |    24 |    46 ||    70

Table legend: (Time is in decaauts)
 A = Elapsed time spent in this place.
 B = Non-inter-level travel time spent in this place.
 C = Inter-level travel time spent in this place.
 D = Time resting spent in this place.
 E = Time spent auto-exploring this place.
 F = Levels seen in this place.
 G = Mean time per level.
                   A        B        C        D        E       F      G
               +--------+--------+--------+--------+--------+-----+--------+
         Total |   3404 |   3339 |     65 |     19 |   2878 |   4 |  851.0 |
       Dungeon |   3404 |   3339 |     65 |     19 |   2878 |   4 |  851.0 |
               +--------+--------+--------+--------+--------+-----+--------+

Top non-repeatable levels by time:
     D:1: 1584 daAuts
     D:2: 954 daAuts
     D:3: 827 daAuts
     D:4: 37 daAuts
